 Dungeon Crawl Stone Soup version 0.23-a0-448-g1c01f63 (webtiles) character file.

1 Cryolive the Digger (level 1, 0/10 HPs)
             Began as a Gargoyle Earth Elementalist on Nov 20, 2018.
             Slain by a kobold
             ... wielding a +0 dagger
              (2 damage)
             ... on level 1 of the Dungeon.
             The game lasted 00:00:38 (248 turns).

Cryolive the Digger (Gargoyle Earth Elementalist)    Turns: 248, Time: 00:00:39

Health: 0/10       AC:  4    Str: 11    XL:     1   Next: 20%
Magic:  2/3        EV: 12    Int: 15    God:
Gold:   36         SH:  0    Dex: 10    Spells: 3/4 levels left

rFire    . . .     SeeInvis .   e - +0 mace
rCold    . . .     Gourm    .   (no shield)
rNeg     + . .     Faith    .   c - +0 robe
rPois    ∞         Spirit   .   (no helmet)
rElec    +         Reflect  .   (no cloak)
rCorr    .         Harm     .   (no gloves)
MR       .....                  (no boots)
Stlth    +.........             (no amulet)
HPRegen  0.03/turn              g - ring of attention (curse)
MPRegen  0.08/turn              (no ring)

@: no status effects
A: negative energy resistance 1, electricity resistance, unbreathing,
petrification resistance, rot immunity, AC +2
a: no special abilities


You were on level 1 of the Dungeon.
You were not hungry.

You visited 1 branch of the dungeon, and saw 1 of its levels.

You collected 36 gold pieces.

Inventory:

Hand Weapons
 e - a +0 mace (weapon)
Missiles
 b - 44 stones (quivered)
Armour
 c - a +0 robe (worn)
Jewellery
 g - a cursed ring of attention (left hand)
Scrolls
 a - a scroll of remove curse {unknown}
 f - a scroll of identify {unknown}
Potions
 h - 2 potions of curing {unknown}
Comestibles
 d - a ration


   Skills:
 + Level 0.0 Fighting
 + Level 0.0 Armour
 + Level 1.5 Dodging
 - Level 2.1 Stealth
 + Level 2.0 Spellcasting
   Level 0.7 Transmutations
 + Level 3.6 Earth Magic


You had 3 spell levels left.
You knew the following spells:

 Your Spells              Type           Power        Failure   Level  Hunger
a - Sandblast             Erth           ##....       4%          1    #......

Your spell library contained the following spells:

 Spells                   Type           Power        Failure   Level  Hunger
 Passwall                 Tmut/Erth      #.......     14%         2    ###....
 Stone Arrow              Conj/Erth      #.....       32%         3    ###....
 Petrify                  Tmut/Erth      #.......     65%         4    #####..
 Lee's Rapid Deconstruct  Erth           ##........   80%         5    ######.


Dungeon Overview and Level Annotations

Branches:
Dungeon (1/15)

Altars:


Innate Abilities, Weirdness & Mutations

You are resistant to torment.
Your stone body is resilient. (AC +2)
You are immune to poison.
You resist negative energy. (rN+)
You are resistant to electric shocks. (rElec)
You can survive without breathing.
You are immune to petrification.
You are immune to rotting.


Message History

The dart slug bites you but does no damage.
Found a scroll labeled YMEIHUOTAM.
You see here a hobgoblin corpse.
You hit the dart slug.
The dart slug is heavily wounded.
The kobold completely misses you. The kobold hits you with a +0 dagger.
The dart slug launches a dart at you. The slug dart hits you!
Ouch! That really hurt!
* * * LOW HITPOINT WARNING * * *
Casting: Sandblast (safe; 4% risk of failure)
Confirm with . or Enter, or press ? or * to list all spells.
Aiming: Sandblast (safe; 4% risk of failure)
Press: ? - help, Shift-Dir - straight line, f - dart slug
Aim: a dart slug (heavily wounded, clinging)
The blast of sand hits the dart slug.
The dart slug is heavily wounded.
b - 44 stones The kobold hits you with a +0 dagger.
You die...

###.###### ..........
.......... .........
#+######## ........
+#.#........# #.......
......#.....#####.......
......w@................
......K.................
........####.#####......
........# #.# ###'###
........# #.# ##..##
........# #.# #....#
......... ..# #.(..#
?.....#.# ### ###....#
........'


You could see a dart slug and a kobold.

Vanquished Creatures
  A hobgoblin (D:1)
1 creature vanquished.

Notes
Turn   | Place    | Note
-------+----------+-------------------------------------------
     0 | D:1      | Cryolive the Gargoyle Earth Elementalist began the quest
                  | for the Orb.
     0 | D:1      | Reached XP level 1. HP: 10/10 MP: 3/3
    11 | D:1      | Noticed an ogre
   248 | D:1      | Slain by a kobold

Vault maps used:
D:1:      evilmike_arrival_come_back

Action                   || total
-------------------------++-------
Melee: Mace              ||     3
 Cast: Sandblast         ||     1
Armor: Robe              ||     1
Dodge: Dodged            ||     4

Table legend:
 A = Non-vault XP
 B = Vault XP
 C = Vault XP percentage of total XP
 D = Non-vault monster count
 E = Vault monster count
 F = Vault count percentage of total count
                 A         B        C        D         E       F
            +---------+---------+-------+---------+---------+-------
      Total |       2 |       0 |   0.0 |       1 |       0 |   0.0
            +---------+---------+-------+---------+---------+-------
        D:1 |       2 |       0 |   0.0 |       1 |       0 |   0.0
            +---------+---------+-------+---------+---------+-------
